 Dungeon Crawl Stone Soup version 0.28.0-43-g3370ac3207 (webtiles) character file.

Game seed: 982970739128074823

65 mortz the Skirmisher (level 4, -4/40 HPs)
             Began as a Hill Orc Fighter on Mar 29, 2022.
             Slain by a gnoll
             ... wielding a +0 club
              (5 damage)
             ... on level 2 of the Dungeon.
             The game lasted 00:05:23 (1447 turns).

mortz the Skirmisher (Hill Orc Fighter)             Turns: 1447, Time: 00:05:24

Health: -4/40      AC:  9    Str: 20    XL:     4   Next: 14%
Magic:  4/4        EV:  7    Int:  8    God:
Gold:   54         SH:  4    Dex: 10    Spells: 3/3 levels left

rFire   . . .      SeeInvis .   a - +0 long sword {long}
rCold   . . .      Faith    .   c - +0 buckler
rNeg    . . .      Spirit   .   k - +0 chain mail
rPois   .          Reflect  .   (no helmet)
rElec   .          Harm     .   (no cloak)
rCorr   .          Rampage  .   (no gloves)
Will    .....                   (no boots)
Stlth   ..........              (no amulet)
HPRegen 0.13/turn               (no ring)
MPRegen 0.09/turn               (no ring)

@: no status effects
A: no striking features
a: no special abilities


You were on level 2 of the Dungeon.
You visited 1 branch of the dungeon, and saw 4 of its levels.

You collected 54 gold pieces.


   Skills:
 + Level 4.0 Fighting
 + Level 3.4 Long Blades
 + Level 3.8 Armour
 + Level 0.3 Dodging
 + Level 3.7 Shields


You had 3 spell levels left.
You didn't know any spells.
Your spell library was empty.

Inventory:

Hand Weapons
 a - a +0 long sword (weapon) {long}
Missiles
 e - 46 stones {throwing}
 f - 22 arrows
 h - 3 boomerangs (quivered) {throwing}
Armour
 c - a +0 buckler (worn)
 k - a +0 chain mail (worn)
   (You found it on level 4 of the Dungeon)
Scrolls
 b - a scroll of acquirement {unknown}
 i - a scroll of enchant armour {unknown}
 j - a scroll of fear {unknown}
Potions
 d - 2 potions of might
 g - a potion of invisibility {unknown}

Dungeon Overview and Level Annotations

Branches:
Dungeon (4/15)
 Temple: D:4-7

Altars:

..# #.# #.#
#.# #.# #.#
#.# # #@# ##.
#g#
###...#g#####
...$l..l....#
##....#.##..#
#...##.# .#
#..# #.# #
#.. ..# #.
.##


You could see a gnoll, a goblin and a frilled lizard.


Message History

You slash the kobold!
You kill the kobold!
e - 46 stones {throwing} (gained 4)
You now have 54 gold pieces (gained 5).
You see here a +0 dagger {short}. 3 gnolls come into view.
A gnoll is wielding a +0 whip of holy wrath.
The gnoll shouts! x2
A gnoll comes into view. It is wielding a +0 club. 😎 HP[+5]
Your hp is fully restored (33).
The gnoll shouts!
You hit the gnoll. The gnoll hits you but does no damage.
You closely miss the gnoll. The gnoll hits you but does no damage.
You slash the gnoll!
The gnoll hits you from afar with a +0 spear.
The gnoll hits you with a +0 whip of holy wrath.
The gnoll hits you from afar with a +0 spear. 😮 HP[-11]
You take 11 damage, and now have 22/33 hp.
MASSIVE DAMAGE!! (PAUSE)
You hit the gnoll.
You kill the gnoll!
The gnoll hits you but does no damage.
Your Fighting skill increases to level 4!
The gnoll barely misses you.
Things that are here:
a +0 whip of holy wrath {mace}; a gnoll corpse 😮 HP[+1]
You hit the gnoll. The gnoll closely misses you.
You hit the gnoll.
The gnoll hits you with a +0 spear. 😮 HP[-1]
You take 1 damage, and now have 22/33 hp.
The gnoll hits you from afar with a +0 spear. 😮 HP[-1]
You take 1 damage, and now have 21/33 hp. 😮 HP[+1]
You hit the gnoll but do no damage.
The gnoll throws a throwing net.
The throwing net hits you.
You become entangled in the net!
You struggle against the net.
The gnoll hits you but does no damage.
The gnoll hits you from afar with a +0 spear. 😮 HP[-2]
You take 2 damage, and now have 20/33 hp.
You struggle against the net.
The gnoll hits you with a +0 club.
* * * LOW HITPOINT WARNING * * *
The gnoll hits you but does no damage.
The gnoll hits you from afar with a +0 spear.
* * * LOW HITPOINT WARNING * * *
😨 HP[-8]
You take 8 damage, and now have 12/33 hp.
MASSIVE DAMAGE!! (PAUSE)
You shred the net and break free! You block the gnoll's attack.
The gnoll hits you but does no damage. x2 😨 HP[+1]
Things that are here:
a +0 whip of holy wrath {mace}; a gnoll corpse 😨 HP[+1]
The gnoll hits you but does no damage.
You hit the gnoll. The gnoll hits you but does no damage.
You slash the gnoll!
You kill the gnoll!
You have reached level 4! 😨 HP[+3] MP[+1]
You now have 40 max hp (+7).
You regained 3 hp, and now have 17/40 hp.
Your mp is fully restored (4).
You closely miss the gnoll. The gnoll hits you but does no damage.
The gnoll hits you with a +0 club!
* * * LOW HITPOINT WARNING * * *
The gnoll hits you but does no damage. You block the gnoll's attack. 😨 HP[-6]
You take 6 damage, and now have 11/40 hp.
You barely miss the gnoll.
The gnoll hits you from afar with a +0 spear.
* * * LOW HITPOINT WARNING * * *
The gnoll hits you with a +0 club.
* * * LOW HITPOINT WARNING * * *
😱 HP[-4]
You take 4 damage, and now have 7/40 hp.
Found a stone staircase leading up and a stone staircase leading down.
A frilled lizard comes into view.
The frilled lizard hisses angrily.
The frilled lizard moves out of view.
There is a stone staircase leading up here.
The gnoll hits you but does no damage.
You climb upwards.
The goblin shouts!
The frilled lizard hisses angrily.
There is a stone staircase leading down here. 😱 HP[+1]
The goblin hits you but does no damage.
You closely miss the gnoll. The gnoll hits you with a +0 club.
* * * LOW HITPOINT WARNING * * *
😱 HP[-6]
You take 6 damage, and now have 2/40 hp.
You hit the gnoll. You block the gnoll's attack.
You hit the gnoll but do no damage. The gnoll hits you with a +0 club.
* * * LOW HITPOINT WARNING * * *
The gnoll hits you with a +0 club.
You die...

Skill      XL: |  1  2  3 |
---------------+----------+-----
Long Blades    | 3 |  3.4
Fighting       | 4 |  4.0
Armour         | |  3.8
Dodging        | |  0.3
Shields        | |  3.7

Action                   |  1- 3 |  4- 6 || total
-------------------------+-------+-------++-------
Melee: Long sword        |   105 |     5 ||   110
Throw: Boomerang         |     2 |       ||     2
Armor: Scale mail        |    36 |       ||    36
       Chain mail        |    19 |     4 ||    23
Dodge: Dodged            |    42 |       ||    42
Block: Buckler           |    18 |     2 ||    20

Levels and vault maps discovered:
D:1:      beargit_arrival_greenhouse, layout_basic,
          shapermc_ecumenical_altar_mp_urbaneastern
D:2:      layout_loops_corners
D:3:      layout_loops_cross
D:4:      layout_loops_ring, minmay_temple_entry_offerings

Notes
Turn   | Place    | Note
-------+----------+-------------------------------------------
     0 | D:1      | mortz the Hill Orc Fighter began the quest for the Orb.
     0 | D:1      | Reached XP level 1. HP: 19/19 MP: 1/1
     0 | D:1      | magus.rc [v1.9.6]
   230 | D:1      | Reached XP level 2. HP: 27/27 MP: 2/2
   909 | D:1      | Reached XP level 3. HP: 33/33 MP: 3/3
  1103 | D:1      | Found a faded altar of an unknown god.
  1176 | D:2      | You fall into a shaft and drop 2 floors!
  1295 | D:3      | Reached skill level 3 in Long Blades
  1401 | D:3      | Reached skill level 4 in Fighting
  1434 | D:3      | Reached XP level 4. HP: 17/40 MP: 4/4
  1435 | D:3      | HP: 10/40 [gnoll/+0 spear (1)]
  1445 | D:2      | HP: 2/40 [gnoll/+0 club (6)]
  1447 | D:2      | Slain by a gnoll

Vanquished Creatures
  2 gnolls (D:3)
  An adder (D:3)
  A dart slug (D:3)
  2 endoplasms
  3 giant cockroaches (D:1)
  4 goblins (D:1)
  A hobgoblin (D:1)
  6 jackals (D:1)
  2 quokkas (D:3)
  A ball python (D:1)
  3 bats
  2 frilled lizards (D:1)
  3 kobolds
  2 rats (D:1)
33 creatures vanquished.

Table legend:
 A = Non-vault XP
 B = Vault XP
 C = Vault XP percentage of total XP
 D = Non-vault monster count
 E = Vault monster count
 F = Vault count percentage of total count
                 A         B        C        D         E       F
            +---------+---------+-------+---------+---------+-------
      Total |      94 |       0 |   0.0 |      33 |       0 |   0.0
            +---------+---------+-------+---------+---------+-------
        D:1 |      39 |       0 |   0.0 |      24 |       0 |   0.0
        D:3 |      55 |       0 |   0.0 |       9 |       0 |   0.0
            +---------+---------+-------+---------+---------+-------

Illustrated notes

Table legend:
 A = Kills in this place as a percentage of kills in entire the game.
 B = Kills by you in this place as a percentage of kills by you in the entire game.
 C = Kills by friends in this place as a percentage of kills by friends in the entire game.
 D = Other kills in this place as a percentage of other kills in the entire game.
 E = Experience gained in this place as a percentage of experience gained in the entire game.
 F = Experience gained in this place divided by the number of levels of this place that you have seen.
                   A       B       C       D       E      F
               +-------+-------+-------+-------+-------+----------------------
         Total | 100.0 | 100.0 |   N/A |   N/A | 100.0 |  23.5
       Dungeon | 100.0 | 100.0 |   N/A |   N/A | 100.0 |  23.5
               +-------+-------+-------+-------+-------+----------------------

Table legend: (Time is in decaauts)
 A = Elapsed time spent in this place.
 B = Non-inter-level travel time spent in this place.
 C = Inter-level travel time spent in this place.
 D = Time resting spent in this place.
 E = Time spent auto-exploring this place.
 F = Levels seen in this place.
 G = Mean time per level.
                   A        B        C        D        E       F      G
               +--------+--------+--------+--------+--------+-----+--------+
         Total |   1481 |   1439 |     42 |      0 |   1131 |   4 |  370.2 |
       Dungeon |   1481 |   1439 |     42 |      0 |   1131 |   4 |  370.2 |
               +--------+--------+--------+--------+--------+-----+--------+

Top non-repeatable levels by time:
     D:1: 1202 daAuts
     D:3: 244 daAuts
     D:4: 27 daAuts
     D:2: 7 daAuts
